 Dungeon Crawl Stone Soup version 0.22-a0-848-ge9e22a0 (webtiles) character file.

21354 Amnesiac the Geomancer (level 12, 0/74 HPs)
             Began as a Mummy Earth Elementalist on July 27, 2018.
             Was a High Priest of Vehumet.
             Killed by divine providence
             ... invoked by a smoke demon
             ... summoned by an orc sorcerer
              (14 damage)
             ... on level 2 of the Orcish Mines.
             The game lasted 00:35:44 (16077 turns).

Amnesiac the Geomancer (Mummy Earth Elementalist)  Turns: 16077, Time: 00:35:45

Health: 0/74       AC:  5    Str: 17    XL:     12   Next: 53%
Magic:  2/29       EV: 12    Int: 19    God:    Vehumet [*****.]
Gold:   762        SH:  0    Dex: 12    Spells: 8/37 levels left

rFire    + + .     SeeInvis .   a - +5 hand axe of Righteous Anger {chop, rF+ Str+5}
rCold    + + .     Gourm    .   (no shield)
rNeg     + + +     Faith    .   A - +2 robe {rF+}
rPois    ∞         Spirit   .   n - +0 helmet
rElec    .         Reflect  .   d - scarf {rC+ rF+}
rCorr    .         Harm     .   (no gloves)
MR       +....                  (no boots)
Stlth    ++........             z - amulet of magic regeneration
HPRegen  0.22/turn              m - ring of wizardry
MPRegen  0.46/turn              (no ring)

@: no status effects
A: no food or potions, fire vulnerability, cold resistance 1, negative energy
resistance 3, torment resistance, unbreathing
a: Renounce Religion


You were on level 2 of the Orcish Mines.
You worshipped Vehumet.
Vehumet was extremely pleased with you.
You were not hungry.

You visited 3 branches of the dungeon, and saw 15 of its levels.
You also visited: Sewer and Volcano.

You collected 1182 gold pieces.
You spent 420 gold pieces at shops.

Inventory:

Hand Weapons
 a - the +5 hand axe of Righteous Anger (weapon) {chop, rF+ Str+5}
   (You took it off an orc warrior on level 6 of the Dungeon)

   It inflicts extra damage upon your enemies.
   It affects your strength (+5).
   It protects you from fire.
 c - a +6 spear of venom
Armour
 d - a scarf of resistance (worn)
 h - a +0 shield
 n - a +0 helmet (worn)
 A - a +2 robe of fire resistance (worn)
Magical Staves
 b - an uncursed staff of energy
Jewellery
 m - a ring of wizardry (left hand)
 z - an amulet of magic regeneration (around neck)
Wands
 j - a wand of flame (12)
 r - a wand of digging (16)
 w - a wand of random effects (65)
 x - a wand of polymorph (15)
Scrolls
 e - 3 scrolls of enchant weapon {!r}
 g - 6 scrolls of teleportation {!r}
 i - 3 scrolls of blinking {!r}
 k - 4 scrolls of remove curse {!r}
 l - a scroll of brand weapon {!r}
 o - 5 scrolls of identify {!r}
 p - a scroll of enchant armour {!r}
 s - 2 scrolls of fog {!r}
 y - 2 scrolls of amnesia {!r}
Miscellaneous
 f - a crystal ball of energy
 u - a phial of floods (inert)


   Skills:
 - Level 1.5 Dodging
 - Level 1.5 Stealth
 + Level 2.1 Shields
 + Level 13.3 Spellcasting
 - Level 4.0 Conjurations
 - Level 0.7 Transmutations
 * Level 13.4 Earth Magic
 - Level 4.0 Evocations


You had 8 spell levels left.
You knew the following spells:

 Your Spells              Type           Power        Failure   Level  Hunger
a - Iron Shot             Conj/Erth      #####.....   2%          6    N/A
b - Passwall              Tmut/Erth      #####...     1%          2    N/A
c - Sandblast             Erth           ######       0%          1    N/A
d - Lee's Rapid Deconstr  Erth           ######....   1%          5    N/A
e - Petrify               Tmut/Erth      #####...     1%          4    N/A
f - Stone Arrow           Conj/Erth      #####.       1%          3    N/A
g - Mephitic Cloud        Conj/Pois/Air  ###.....     1%          3    N/A
v - Blink                 Tloc           N/A          3%          2    N/A
z - Ozocubu's Armour      Chrm/Ice       ##......     6%          3    N/A

Your spell library contained the following spells:

 Spells                   Type           Power        Failure   Level  Hunger
 Magic Dart               Conj           ####         1%          1    N/A
 Fireball                 Conj/Fire      ###.......   8%          5    N/A
 Conjure Flame            Conj/Fire      ###.....     1%          3    N/A
 Bolt of Fire             Conj/Fire      ###.......   32%         6    N/A
 Bolt of Magma            Conj/Fire/Erth ####......   1%          5    N/A
 Slow                     Hex            ##......     3%          2    N/A
 Throw Frost              Conj/Ice       ###...       1%          2    N/A
 Ring of Flames           Chrm/Fire      ##........   100%        7    N/A
 Venom Bolt               Conj/Pois      ###.......   8%          5    N/A
 Olgreb's Toxic Radiance  Pois           ##......     6%          4    N/A
 Freeze                   Ice            ##..         1%          1    N/A
 Summon Ice Beast         Ice/Summ       ##......     21%         4    N/A
 Call Imp                 Summ           ##......     3%          2    N/A
 Sting                    Conj/Pois      ###.         1%          1    N/A
 Throw Icicle             Conj/Ice       ###.....     2%          4    N/A
 Ignite Poison            Fire/Tmut/Pois ##......     1%          3    N/A
 Orb of Destruction       Conj           ####......   58%         7    N/A
 Iskenderun's Battlesphe  Conj/Chrm      ###.....     8%          5    N/A
 Spellforged Servitor     Conj/Summ      ###.......   82%         7    N/A
 Poisonous Vapours        Pois/Air       ##....       3%          2    N/A
 Ignition                 Fire           ##........   100%        8    N/A

Dungeon Overview and Level Annotations

Branches:
Dungeon (12/15)            Temple (1/1) D:7            Lair (0/6) D:10
    Orc (2/2) D:10
    Elf: Orc:2

Altars:
Ashenzari
Cheibriados
Dithmenos
Elyvilon
Fedhas
Gozag
Hepliaklqana
Kikubaaqudgha
Makhleb
Nemelex Xobeh
Okawaru
Qazlal
Ru
Sif Muna
Trog
Uskayaw
Vehumet
Wu Jian
Xom
Yredelemnul
Zin
The Shining One

Shops:
D:7 ?:   D:9 (([   D:10 =

Annotations:
D:8 island


Innate Abilities, Weirdness & Mutations

You do not eat or drink.
Your flesh is vulnerable to fire.
You are immune to poison.
Your flesh is cold resistant. (rC+)
You are immune to negative energy. (rN+++)
You are immune to unholy pain and torment.
You can survive without breathing.


Message History

You suddenly lose the ability to move!
The orc sorcerer hits you but does no damage.
The orc sorcerer hits you with a dagger.
The orc sorcerer casts a spell.
The smoke demon gestures at you. Something smites you!
You can move again.
Unknown command.
Unknown command.
Unknown command.
Unknown command.
Evoke which item? (* to show all) (? for menu, Esc to quit)
Aiming: Throw Flame
Press: ? - help, Shift-Dir - straight line, f/p - orc sorcerer
Aim: an orc sorcerer, wielding a dagger and wearing a robe (severely wounded)
The puff of flame hits the orc sorcerer.
The orc sorcerer is almost dead.
The orc sorcerer casts a spell at you. The bolt of fire hits you! You resist.
* * * LOW HITPOINT WARNING * * *
The neqoxec gestures.
Evoke which item? (* to show all) (? for menu, Esc to quit)
Okay, then.
Casting: Stone Arrow (safe; 1% risk of failure)
Confirm with . or Enter, or press ? or * to list all spells.
Okay, then.
Casting: Stone Arrow (safe; 1% risk of failure)
Confirm with . or Enter, or press ? or * to list all spells.
Aiming: Stone Arrow (safe; 1% risk of failure)
Press: ? - help, Shift-Dir - straight line, f/p - orc sorcerer
Aim: an orc sorcerer, wielding a dagger and wearing a robe (almost dead)
The stone arrow misses the orc sorcerer.
The stone arrow hits the smoke demon.
The smoke demon is heavily wounded.
The orc sorcerer hits you with a dagger.
* * * LOW HITPOINT WARNING * * *
Evoke which item? (* to show all) (? for menu, Esc to quit)
Aiming: Throw Flame
Press: ? - help, Shift-Dir - straight line, f/p - orc sorcerer
Aim: an orc sorcerer, wielding a dagger and wearing a robe (almost dead)
The puff of flame hits the orc sorcerer.
The orc sorcerer is almost dead.
The orc sorcerer closely misses you. The smoke demon gestures at you.
Something smites you!
* * * LOW HITPOINT WARNING * * *
Evoke which item? (* to show all) (? for menu, Esc to quit)
Aiming: Throw Flame
Press: ? - help, Shift-Dir - straight line, f/p - orc sorcerer
Aim: an orc sorcerer, wielding a dagger and wearing a robe (almost dead)
The puff of flame hits the orc sorcerer.
The orc sorcerer appears unharmed.
The orc sorcerer is almost dead.
The orc sorcerer mumbles some strange words.
Evoke which item? (* to show all) (? for menu, Esc to quit)
Aiming: Throw Flame
Press: ? - help, Shift-Dir - straight line, f/p - orc sorcerer
Aim: an orc sorcerer, wielding a dagger and wearing a robe (almost dead)
The puff of flame hits the orc sorcerer.
The orc sorcerer is almost dead.
The orc sorcerer hits you with a dagger.
* * * LOW HITPOINT WARNING * * *
The smoke demon gestures at you. Something smites you!
You die...

.........8)8 ......
.....## ....
.....###..)..#####.o#.#
......#.#.#.......o.#.##
.........# #o# ....#
......#..###.# ...#
.....##...##.# ..#
......#...#.)######.#
......#....<533o@4).#
...#.##.....#########
.....#.....##
...........#
..........## ........#.#
............
.............#
............##


You could see a smoke demon, a neqoxec, a chaos spawn, an orc sorcerer and a
quasit.

Vanquished Creatures
  A hydra (D:11)
  An ogre mage (Volcano)
  7 two-headed ogres
  Nergalle (D:11)
  Pikel (D:9)
  An orc knight (Orc:1)
  An orc sorcerer (Orc:1)
  A faun (Volcano)
  A cyclops (D:11)
  A centaur zombie (D:11)
  A gargoyle (D:9)
  4 trolls
  A queen bee (D:9)
  A hippogriff (D:7)
  A wyvern (D:9)
  A shadow (D:9)
  A wraith (D:10)
  A vampire (D:9)
  8 fire bats (Volcano)
  A hungry ghost (D:10)
  A warg (Orc:1)
  14 orc warriors
  An ice beast (D:6)
  A phantom (D:10)
  2 sky beasts
  3 black bears
  2 eyes of draining (D:4)
  4 slaves (D:9)
  A necrophage (D:5)
  7 centaurs
  10 ogres
  2 crocodiles
  Blork the orc (D:8)
  A big kobold (D:4)
  A gnoll sergeant (D:8)
  7 bullfrogs
  6 scorpions
  21 killer bees (D:9)
  12 wights
  2 howler monkeys (Temple)
  3 crimson imps
  8 lava snakes (Volcano)
  5 jellies
  21 orc wizards
  2 bullfrog skeletons
  3 hounds
  12 orc priests
  2 centaur skeletons
  Natasha (thrice) (D:2)
  An iguana (D:4)
  10 worker ants
  2 worker ant zombies
  Robin (D:3)
  6 gnolls
  8 adders
  A shadow imp (D:9)
  An adder zombie (D:5)
  An adder skeleton (D:4)
  8 worms
  4 dart slugs
  5 leopard geckos
  59 orcs
  A ball python (D:4)
  8 giant cockroaches
  13 goblins
  7 hobgoblins
  6 jackals
  16 kobolds
  5 quokkas
  10 bats
  5 frilled lizards
  A leopard gecko zombie (D:6)
  A quokka skeleton (D:5)
  13 rats
387 creatures vanquished.

Vanquished Creatures (collateral kills)
  An ugly thing (D:11)
1 creature vanquished.

Vanquished Creatures (others)
  An orc (Orc:2)
  A plant (D:4)
2 creatures vanquished.

Grand Total: 390 creatures vanquished

Notes
Turn   | Place    | Note
-------+----------+-------------------------------------------
     0 | D:1      | Amnesiac the Mummy Earth Elementalist began the quest for the Orb.
     0 | D:1      | Reached XP level 1. HP: 13/13 MP: 4/4
   441 | D:3      | Reached XP level 2. HP: 5/19 MP: 0/6
   445 | D:3      | Learned a level 2 spell: Passwall
   628 | D:3      | Noticed Robin
   978 | D:3      | Reached XP level 3. HP: 19/24 MP: 3/7
   983 | D:3      | Learned a level 3 spell: Stone Arrow
  1038 | D:4      | Noticed an ogre
  1186 | D:4      | Killed an ogre
  1186 | D:4      | Reached XP level 4. HP: 22/30 MP: 3/10
  1300 | D:5      | Entered Level 5 of the Dungeon
  1300 | D:5      | Found a hazy altar of Hepliaklqana.
  1327 | D:6      | Reached XP level 5. HP: 35/35 MP: 4/11
  1332 | D:6      | Found a glowing drain.
  1335 | D:6      | Noticed an ice beast
  1340 | Sewer    | Entered a sewer
  1509 | Sewer    | Noticed a crocodile
  1516 | Sewer    | Learned a level 4 spell: Petrify
  1543 | Sewer    | Killed a crocodile
  1619 | D:6      | Noticed an ogre
  1623 | D:6      | Noticed an orc warrior
  1667 | D:5      | Reached XP level 6. HP: 38/41 MP: 7/13
  1718 | D:5      | Reached skill level 5 in Spellcasting
  1718 | D:5      | Reached skill level 5 in Earth Magic
  1872 | D:5      | Learned a level 5 spell: Lee's Rapid Deconstruction
  2039 | D:5      | Noticed a sky beast
  2045 | D:5      | Killed a sky beast
  2045 | D:5      | Reached XP level 7. HP: 46/46 MP: 9/15
  2938 | D:4      | Found a bloodstained altar of Trog.
  2963 | D:4      | Reached XP level 8. HP: 48/52 MP: 0/18
  2987 | D:4      | Learned a level 6 spell: Iron Shot
  3467 | D:4      | Reached skill level 1 in Conjurations
  5106 | D:6      | Reached XP level 9. HP: 57/57 MP: 5/21
  5154 | D:6      | Got a smoking hand axe {chop}
  5155 | D:6      | Identified the +5 hand axe of Righteous Anger {chop, rF+ Str+5} (You took it off an orc warrior on level 6 of the Dungeon)
  5242 | D:6      | Found a hide-covered altar of Uskayaw.
  5962 | D:7      | Found Siudew's Book Boutique.
  6408 | D:7      | Found a staircase to the Ecumenical Temple.
  6501 | Temple   | Entered the Ecumenical Temple
  6701 | Temple   | Learned a level 3 spell: Mephitic Cloud
  6836 | Temple   | Became a worshipper of Vehumet
  6964 | D:7      | Found Geocs's Magic Scroll Shoppe.
  8623 | D:2      | Reached * piety under Vehumet
  8623 | D:2      | Offered knowledge of Shock by Vehumet.
  8729 | D:2      | Noticed Natasha
  8735 | D:2      | Killed Natasha
  8787 | D:2      | Noticed Natasha
  8789 | D:2      | Killed Natasha
  9173 | D:2      | Noticed Natasha
  9179 | D:2      | Killed Natasha
  9507 | D:3      | Found a blossoming altar of Fedhas.
  9507 | D:3      | Found an iron altar of Okawaru.
  9597 | D:3      | You fall through a shaft for 2 floors!
  9704 | D:3      | Killed Robin
  9970 | D:8      | Reached ** piety under Vehumet
  9970 | D:8      | Offered knowledge of Throw Frost by Vehumet.
 10348 | D:8      | Noticed Blork the orc
 10353 | D:8      | Killed Blork the orc
 10357 | D:8      | Found a deep blue altar of Sif Muna.
 10499 | D:8      | Found a basalt altar of Yredelemnul.
 10518 | D:9      | Found Wyimiwn's Antique Weapon Shop.
 10518 | D:9      | Found Lohegomei's Weapon Boutique.
 10534 | D:9      | Reached XP level 10. HP: 63/63 MP: 21/23
 10714 | D:9      | Reached skill level 10 in Spellcasting
 10714 | D:9      | Reached skill level 10 in Earth Magic
 10732 | D:9      | Offered knowledge of Static Discharge by Vehumet.
 11232 | D:9      | Got an encrusted chain mail
 11330 | D:9      | Noticed Pikel
 11340 | D:9      | Killed Pikel
 11340 | D:9      | Reached skill level 1 in Evocations
 11378 | D:9      | Found Afys's Antique Armour Shoppe.
 11617 | D:9      | Noticed a gargoyle
 11626 | D:9      | Killed a gargoyle
 11626 | D:9      | Reached *** piety under Vehumet
 11915 | D:10     | Entered Level 10 of the Dungeon
 11936 | D:10     | Identified the +10 chain mail of Elyvilon's Envy {-Tele +Inv Int+2 Dex+2} (You found it on level 9 of the Dungeon)
 12175 | D:10     | Found Afyshaq's Jewellery Boutique.
 12292 | D:10     | Offered knowledge of Conjure Flame by Vehumet.
 12425 | D:10     | Found a staircase to the Orcish Mines.
 12437 | D:10     | Found a staircase to the Lair.
 12585 | D:10     | Reached XP level 11. HP: 68/68 MP: 23/26
 12780 | D:11     | Noticed a red ugly thing
 12792 | D:11     | Killed a red ugly thing
 12814 | D:11     | Noticed a seven-headed hydra
 12865 | D:11     | Noticed a two-headed ogre
 12876 | D:11     | Reached **** piety under Vehumet
 12957 | D:11     | Noticed a two-headed ogre
 12961 | D:11     | Killed a two-headed ogre
 12961 | D:11     | Offered knowledge of Inner Flame by Vehumet.
 13103 | D:11     | Killed a seven-headed hydra
 13110 | D:11     | Killed a two-headed ogre
 13177 | D:11     | Learned a level 2 spell: Blink
 13331 | D:11     | Noticed a two-headed ogre
 13334 | D:11     | Killed a two-headed ogre
 13640 | D:12     | Noticed Nergalle
 13640 | D:12     | Noticed a two-headed ogre
 13643 | D:12     | Noticed a four-headed hydra
 13687 | D:11     | Killed Nergalle
 13756 | D:12     | Noticed Sonja
 13888 | Orc:1    | Entered Level 1 of the Orcish Mines
 13984 | D:10     | Bought an uncursed amulet of magic regeneration for 420 gold pieces
 14216 | Orc:1    | Found a dark tunnel.
 14255 | Volcano  | Entered a volcano
 14555 | Volcano  | Noticed a two-headed ogre
 14555 | Volcano  | Noticed a two-headed ogre
 14555 | Volcano  | Noticed a two-headed ogre
 14558 | Volcano  | Killed a two-headed ogre
 14558 | Volcano  | Reached XP level 12. HP: 71/74 MP: 18/28
 14560 | Volcano  | Noticed an ogre mage
 14561 | Volcano  | Killed a two-headed ogre
 14561 | Volcano  | Killed a two-headed ogre
 14575 | Volcano  | Killed an ogre mage
 14688 | Volcano  | Found a radiant altar of Vehumet.
 14742 | Orc:1    | Noticed a two-headed ogre
 14861 | Orc:1    | Killed a two-headed ogre
 14861 | Orc:1    | Reached ***** piety under Vehumet
 14861 | Orc:1    | Reached skill level 1 in Shields
 14993 | Orc:1    | Offered knowledge of Lightning Bolt by Vehumet.
 15936 | Orc:1    | Learned a level 3 spell: Ozocubu's Armour
 15953 | Orc:2    | Entered Level 2 of the Orcish Mines
 16069 | Orc:2    | Paralysed by an orc sorcerer for 4 turns
 16077 | Orc:2    | Killed from afar by a smoke demon

Vault maps used:
D:1:      minmay_arrival_glassed_features
D:2:      uniq_natasha
D:3:      chequers_temple_overflow_statue_of_worship, uniq_robin
D:4:      trog_eyes_of_draining, first_ration, lexackson_kobold_supper
D:5:      basic_altar
D:6:      eat_drink_and_be_merry_uskayaw, cheibrodos_sewer_entry_sluice,
          nicolae_ossuary_entry_ruins
D:7:      temple_doors_cd, serial_shops, nicolae_shop_statue_plus, shop
D:8:      tgw_sif, kennysheep_mini
D:9:      minmay_curly_fans, serial_shops, shop, nicolae_shop_behind_doors,
          shop, minivault_7, uniq_pikel
D:10:     lair_entry_dummy, david_orc_3, serial_shops,
          nicolae_shop_window_shopping
D:12:     grunt_ogre_cave, okawaru_ov_weapons_minmay, uniq_nergalle, uniq_sonja
Temple:   eino_temple_scatter_basement
Orc:1:    enter_volcano_4
Orc:2:    grunt_orc_community_town_hall, grunt_orc_community_big_house_1,
          grunt_orc_community_big_house_2, grunt_orc_community_house_1,
          grunt_orc_community_house_2, grunt_orc_community_house_1,
          grunt_orc_community_house_2, grunt_orc_community_house_1,
          grunt_orc_community_house_3, nicolae_orc_sculptors_studio, uniq_donald
Sewer:    sewer_the_crocodile
Volcano:  volcano_grotto

Skill      XL: |  1  2  3  4  5  6  7  8  9 10 11 12 |
---------------+-------------------------------------+-----
Spellcasting   | 3 4 5 6 8 9 11 12 13 | 13.3
Earth Magic    | 3 4 5 6 8 9 11 12 13 | 13.4
Conjurations   | 2 4 |  4.0
Evocations     | 2 4 |  4.0
Shields        | 2 |  2.1
Dodging        | |  1.5
Stealth        | |  1.5
Transmutations | |  0.7

Action                   |  1- 3 |  4- 6 |  7- 9 | 10-12 || total
-------------------------+-------+-------+-------+-------++-------
Melee: Unarmed           |    42 |       |       |       ||    42
       Dagger            |       |     2 |       |       ||     2
       Quarterstaff      |       |       |    95 |       ||    95
       Hand axe          |       |       |    41 |    79 ||   120
 Cast: Sandblast         |    29 |    54 |    87 |   176 ||   346
       Stone Arrow       |     1 |       |   137 |     2 ||   140
       Lee's Rapid Decon |       |       |    17 |    88 ||   105
       Mephitic Cloud    |       |       |     6 |       ||     6
       Iron Shot         |       |       |       |    36 ||    36
       Passwall          |       |       |       |     5 ||     5
       Petrify           |       |       |       |     2 ||     2
       Ozocubu's Armour  |       |       |       |     1 ||     1
Evoke: Wand              |       |       |     7 |    14 ||    21
       Phial of floods   |       |       |       |     2 ||     2
  Use: Scroll            |       |     3 |    14 |     3 ||    20
 Stab: Sleeping          |     1 |       |     2 |       ||     3
Armor: Robe              |    17 |    22 |    48 |     7 ||    94
       Ring mail         |       |       |     5 |    51 ||    56
Dodge: Dodged            |    59 |    50 |   161 |   128 ||   398
       Rpst.: Long sword |       |       |     1 |       ||     1

Table legend:
 A = Spawn XP
 B = Non-spawn XP
 C = Spawn XP percentage of total XP
 D = Spawn monster count
 E = Non-spawn monster count
 F = Spawn count percentage of total count
 G = Total turns spent on level
                    A         B        C        D         E        F      G
               +---------+---------+-------+---------+---------+-------+---------
         Total |       0 |   30507 |   0.0 |       0 |     384 |   0.0 | 16077
               +---------+---------+-------+---------+---------+-------+---------
           D:1 |       0 |      28 |   0.0 |       0 |      15 |   0.0 |   833
           D:2 |       0 |     192 |   0.0 |       0 |      34 |   0.0 |   943
           D:3 |       0 |     100 |   0.0 |       0 |      28 |   0.0 |  1321
           D:4 |       0 |     959 |   0.0 |       0 |      35 |   0.0 |  1804
           D:5 |       0 |     755 |   0.0 |       0 |      27 |   0.0 |  1770
           D:6 |       0 |    1344 |   0.0 |       0 |      33 |   0.0 |  1115
           D:7 |       0 |     704 |   0.0 |       0 |       8 |   0.0 |  1547
           D:8 |       0 |    1059 |   0.0 |       0 |      24 |   0.0 |   549
           D:9 |       0 |    3946 |   0.0 |       0 |      37 |   0.0 |  1477
          D:10 |       0 |    1778 |   0.0 |       0 |      27 |   0.0 |  1011
          D:11 |       0 |    7782 |   0.0 |       0 |      28 |   0.0 |  1074
          D:12 |       0 |      90 |   0.0 |       0 |       1 |   0.0 |    24
        Temple |       0 |     217 |   0.0 |       0 |       3 |   0.0 |   352
         Orc:1 |       0 |    4894 |   0.0 |       0 |      41 |   0.0 |  1382
         Orc:2 |       0 |     483 |   0.0 |       0 |      16 |   0.0 |   124
         Sewer |       0 |     120 |   0.0 |       0 |       6 |   0.0 |   276
       Volcano |       0 |    6056 |   0.0 |       0 |      21 |   0.0 |   475
               +---------+---------+-------+---------+---------+-------+---------
